 Dungeon Crawl Stone Soup version 0.20.1-1-g8b1a95d (webtiles) character file.

9806 equalderp2856 the Cleaver (level 11, -3/97 HPs)
             Began as a Minotaur Fighter on Aug 9, 2017.
             Slain by a spiny frog (18 damage)
             ... on level 1 of the Lair of Beasts.
             The game lasted 00:21:27 (11052 turns).

equalderp2856 the Cleaver (Minotaur Fighter)       Turns: 11052, Time: 00:21:28

Health: -3/97      AC: 14    Str: 22    XL:     11   Next: 27%
Magic:  10/10      EV:  8    Int:  5    God:
Gold:   519        SH: 11    Dex: 12    Spells: 9/10 levels left

rFire    . . .     SeeInvis .   a - +0 war axe
rCold    . . .     Gourm    .   c - +0 shield
rNeg     . . .     Faith    .   u - +0 chain mail (curse)
rPois    .         Spirit   .   (helmet restricted)
rElec    .         Reflect  .   (no cloak)
rCorr    .         Harm     .   Q - +0 pair of gloves
MR       .....                  N - +0 pair of boots
Stlth    ..........             (no amulet)
Regen    0.3/turn               (no ring)
MPRegen  0.2/turn               (no ring)

@: no status effects
A: retaliatory headbutt, horns 2
a: no special abilities


You were on level 1 of the Lair of Beasts.
You were very hungry.

You visited 2 branches of the dungeon, and saw 11 of its levels.

You collected 519 gold pieces.

Inventory:

Hand Weapons
 a - a +0 war axe (weapon)
 o - a +0 hunting sling
 t - a +0 hunting sling
 A - a +0 short sword
 C - a +0 shortbow
 F - a +0 shortbow
 Z - a +6 battleaxe
Missiles
 e - 39 poisoned needles
 n - 5 curare-tipped needles
 z - 2 throwing nets (quivered)
 E - 26 sling bullets
 G - 82 arrows
 L - 8 needles of frenzy
Armour
 b - a +0 scale mail
 c - a +0 shield (worn)
 u - a cursed +0 chain mail (worn)
 y - a +0 chain mail
 N - a +0 pair of boots (worn)
 Q - a +0 pair of gloves (worn)
 Y - a +0 pair of gloves
Magical Staves
 T - an uncursed staff of air {unknown}
Jewellery
 w - an uncursed ring of protection from cold {unknown}
 x - an uncursed ring of ice {unknown}
 I - an uncursed ring of stealth {unknown}
 K - a +4 ring of evasion {unknown}
Wands
 P - a wand of paralysis (2/24)
Scrolls
 h - 2 scrolls of amnesia {unknown}
 i - a scroll of immolation {unknown}
 p - 9 scrolls of remove curse {unknown}
 q - 2 scrolls of recharging {unknown}
 r - 3 scrolls of teleportation {unknown}
 v - 5 scrolls of identify {unknown}
 B - 3 scrolls of enchant armour {unknown}
 D - 2 scrolls of magic mapping {unknown}
 J - a scroll of noise {unknown}
 V - a scroll of enchant weapon {unknown}
Potions
 d - 2 potions of might
 j - a potion of mutation {unknown}
 k - a potion of curing
 l - a potion of berserk rage {unknown}
 s - a potion of brilliance {unknown}
 M - a potion of degeneration
 O - 2 potions of heal wounds {unknown}
 R - a potion of ambrosia {unknown}
 U - a potion of haste {unknown}
 X - a potion of flight {unknown}
Books
 m - a book of Power

   Spells                             Type                      Level
   a - Iskenderun's Battlesphere      Conjuration/Charms           5
   b - Venom Bolt                     Conjuration/Poison           5
   c - Bolt of Magma                  Conjuration/Fire/Earth       5
   d - Iron Shot                      Conjuration/Earth            6
   e - Orb of Destruction             Conjuration                  7
   f - Spellforged Servitor           Conjuration/Summoning        7
 H - a book of Callings

   Spells                             Type                      Level
   a - Summon Small Mammal            Summoning                    1
   b - Call Imp                       Summoning                    2
   c - Call Canine Familiar           Summoning                    3
   d - Summon Guardian Golem          Hexes/Summoning              3
   e - Summon Lightning Spire         Summoning/Air                4
   f - Summon Ice Beast               Ice/Summoning                4
 W - a book of Enchantments

   Spells                             Type                      Level
   a - Cause Fear                     Hexes                        4
   b - Yara's Violent Unravelling     Hexes/Transmutation          5
   c - Silence                        Hexes/Air                    5
   d - Deflect Missiles               Charms/Air                   6
   e - Discord                        Hexes                        8
Comestibles
 f - 5 bread rations
 g - 3 meat rations
 S - 2 royal jellies


   Skills:
 + Level 9.0 Fighting
 + Level 13.1 Axes
 + Level 10.7 Armour
 + Level 2.8 Dodging
 + Level 3.3 Stealth
 + Level 9.1 Shields
 + Level 0.8 Evocations


You had 9 spell levels left.
You knew the following spells:

 Your Spells              Type           Power        Failure   Level  Hunger
a - Summon Small Mammal   Summ           #...         100%        1    ##.....


Dungeon Overview and Level Annotations

Branches:
Dungeon (10/15)              Lair (1/6) D:10            Orc (0/2) D:10
 Temple: D:4-7

Altars:
Ashenzari
Cheibriados
Dithmenos
Elyvilon
Fedhas
Hepliaklqana
Kikubaaqudgha
Nemelex Xobeh
Okawaru
Qazlal
Sif Muna
Trog
Vehumet
The Shining One

Shops:
D:4 [

Annotations:
D:10 vomix's ghost, novice MiBe


Innate Abilities, Weirdness & Mutations

You reflexively headbutt those who attack you in melee.
You have a pair of horns on your head.


Message History

You hit the spiny frog. Your headbutt misses the spiny frog.
The spiny frog is almost dead.
You barely miss the spiny frog. You block the spiny frog's attack.
The spiny frog stings you.
* * * LOW HITPOINT WARNING * * *
Unknown command.
You completely miss the spiny frog. You headbutt the spiny frog.
The spiny frog is almost dead.
You hit the spiny frog but do no damage.
The spiny frog stings you!!
* * * LOW HITPOINT WARNING * * *
You block the spiny frog's attack. The spiny frog barely misses you.
You furiously retaliate!
You headbutt the spiny frog, but do no damage.
Okay, then.
Okay, then.
You feel better.
The spiny frog stings you but does no damage.
The spiny frog stings you!!
You die...

... .. . #....# ####
#....## ####PP######
##.....#####.#.........
##.#....................
........................
................@F......
.................F......
........................
#.......................
####.##.................
###.#....##..........
####...#####P######
#....# ## ##...#


You could see 2 spiny frogs.

Vanquished Creatures
  A two-headed ogre (D:9)
  The ghost of equalderp2856 the Chopper, a novice MiFi (D:6)
  A black mamba (Lair:1)
  Psyche (D:9)
  A gargoyle (D:9)
  A komodo dragon (D:9)
  A troll (D:9)
  5 hippogriffs
  2 wyverns (D:8)
  A spriggan (D:7)
  11 yaks
  A hungry ghost (D:7)
  A water moccasin (D:10)
  2 porcupines (D:10)
  An orc warrior (D:10)
  A phantom (D:8)
  A black bear (D:10)
  4 wolves (Lair:1)
  6 centaurs
  2 ogres
  2 crocodiles (D:10)
  4 bullfrogs (D:6)
  7 scorpions
  11 killer bees (D:9)
  3 wights (D:9)
  9 howler monkeys
  3 crimson imps
  5 jellies
  3 orc priests (D:8)
  4 hounds
  A bullfrog skeleton (D:5)
  A gnoll shaman (D:5)
  2 iguanas
  An orc wizard (D:6)
  4 worker ants
  2 hound zombies
  7 gnolls
  7 adders
  2 shadow imps
  An ooze (D:1)
  An adder skeleton (D:8)
  2 worms
  2 dart slugs (D:3)
  6 leopard geckos
  19 orcs
  7 giant cockroaches
  8 goblins
  6 hobgoblins
  18 jackals
  2 ball pythons
  4 bats
  5 frilled lizards
  5 kobolds
  A quokka skeleton (D:5)
  A quokka zombie (D:7)
  6 rats
217 creatures vanquished.

Vanquished Creatures (others)
  An orc (D:6)
  2 fungi (D:10)
  A plant (D:10)
4 creatures vanquished.

Grand Total: 221 creatures vanquished

Notes
Turn   | Place    | Note
-------+----------+-------------------------------------------
     0 | D:1      | equalderp2856 the Minotaur Fighter began the quest for the Orb.
     0 | D:1      | Reached XP level 1. HP: 19/19 MP: 0/0
   121 | D:1      | Reached XP level 2. HP: 27/27 MP: 1/1
   941 | D:2      | Reached XP level 3. HP: 33/33 MP: 2/2
  1099 | D:2      | Found a snail-covered altar of Cheibriados.
  1107 | D:2      | Found a blossoming altar of Fedhas.
  1274 | D:2      | Found an ancient bone altar of Kikubaaqudgha.
  1821 | D:3      | Found a white marble altar of Elyvilon.
  2052 | D:3      | Found a stormy altar of Qazlal.
  2056 | D:3      | Reached skill level 3 in Axes
  2210 | D:3      | Reached XP level 4. HP: 39/40 MP: 3/3
  2278 | D:3      | Found a bloodstained altar of Trog.
  2997 | D:4      | Found Ekhlom's Armour Shoppe.
  3012 | D:4      | Paralysed by fainting for 6 turns
  3090 | D:4      | Noticed a centaur
  3100 | D:4      | Reached skill level 4 in Axes
  3100 | D:4      | Reached XP level 5. HP: 35/47 MP: 4/4
  3102 | D:4      | Killed a centaur
  3118 | D:4      | Reached skill level 5 in Axes
  3118 | D:4      | Reached skill level 5 in Armour
  3118 | D:4      | Reached XP level 6. HP: 33/53 MP: 5/5
  3248 | D:4      | Learned a level 1 spell: Summon Small Mammal
  3447 | D:4      | Reached skill level 5 in Shields
  3818 | D:5      | Entered Level 5 of the Dungeon
  3843 | D:5      | Found a hazy altar of Hepliaklqana.
  3900 | D:5      | Reached skill level 5 in Fighting
  4169 | D:5      | Reached skill level 6 in Axes
  4171 | D:5      | Reached XP level 7. HP: 54/61 MP: 6/6
  4195 | D:5      | Reached skill level 1 in Dodging
  4210 | D:5      | Found a sparkling altar of Nemelex Xobeh.
  4923 | D:5      | Reached skill level 7 in Axes
  4951 | D:6      | Found a radiant altar of Vehumet.
  4981 | D:6      | Noticed equalderp2856's ghost (novice MiFi)
  5195 | D:6      | Reached XP level 8. HP: 64/70 MP: 7/7
  6257 | D:6      | Paralysed by fainting for 6 turns
  6336 | D:6      | Killed equalderp2856's ghost
  6336 | D:6      | Reached skill level 8 in Axes
  6873 | D:7      | Found an iron altar of Okawaru.
  6948 | D:7      | Reached XP level 9. HP: 74/75 MP: 8/8
  7191 | D:7      | You fall through a shaft for 2 floors!
  7221 | D:9      | Reached skill level 9 in Axes
  7341 | D:9      | Noticed a gargoyle
  7362 | D:9      | Killed a gargoyle
  7608 | D:9      | Noticed Psyche
  7617 | D:9      | Killed Psyche
  7624 | D:9      | Reached skill level 10 in Axes
  7983 | D:9      | Noticed a troll
  7997 | D:9      | Killed a troll
  8012 | D:9      | Reached XP level 10. HP: 55/86 MP: 9/9
  8152 | D:9      | Noticed a two-headed ogre
  8161 | D:9      | Killed a two-headed ogre
  8161 | D:9      | Reached skill level 11 in Axes
  8585 | D:9      | Reached skill level 10 in Armour
  8910 | D:8      | Reached skill level 12 in Axes
  9274 | D:8      | Found a shattered altar of Ashenzari.
  9274 | D:8      | Found a deep blue altar of Sif Muna.
  9279 | D:8      | Found a faded altar of an unknown god.
  9281 | D:8      | Found a faded altar of an unknown god.
  9283 | D:8      | Found a shadowy altar of Dithmenos.
  9482 | D:8      | Found a glowing golden altar of the Shining One.
 10078 | D:10     | Entered Level 10 of the Dungeon
 10157 | D:10     | Found a staircase to the Orcish Mines.
 10204 | D:10     | Noticed vomix's ghost (novice MiBe)
 10637 | D:10     | Reached XP level 11. HP: 95/95 MP: 10/10
 10743 | D:10     | Found a staircase to the Lair.
 10758 | Lair:1   | Entered Level 1 of the Lair of Beasts
 10775 | Lair:1   | Reached skill level 13 in Axes
 10871 | Lair:1   | Noticed a five-headed hydra
 11052 | Lair:1   | Slain by a spiny frog

Skill      XL: |  1  2  3  4  5  6  7  8  9 10 11 |
---------------+----------------------------------+-----
Fighting       | 4 5 6 7 8 9 |  9.0
Shields        | 4 5 6 7 8 9 |  9.1
Armour         | 4 5 6 8 9 10 | 10.7
Axes           | 3 4 5 6 7 8 10 12 13 | 13.1
Dodging        | 1 2 |  2.8
Stealth        | 2 3 |  3.3
Evocations     | |  0.8

Action                   |  1- 3 |  4- 6 |  7- 9 | 10-12 || total
-------------------------+-------+-------+-------+-------++-------
Melee: War axe           |    75 |   100 |   311 |   259 ||   745
       Headbutt          |    14 |    18 |    71 |    60 ||   163
Evoke: Wand              |       |       |     5 |       ||     5
  Use: Potion            |       |       |     3 |     2 ||     5
 Stab: Paralysed         |       |       |    12 |       ||    12
  Eat: Chunk             |     3 |     3 |     7 |     9 ||    22
       Bread ration      |       |     1 |     1 |       ||     2
       Royal jelly       |       |       |     1 |       ||     1
Armor: Scale mail        |    25 |       |       |       ||    25
       Chain mail        |    32 |    45 |   141 |   100 ||   318
Dodge: Dodged            |    43 |    28 |    79 |   110 ||   260
Block: Shield            |    47 |    70 |   180 |   170 ||   467
